AoeStats
← bullseyes

Black Forest

506348752Analyzed
4v4 RM · 19d ago on Sep 13, 2026· 7m 50s· 8 players
Game mode
Random Map
Map size
Large (8 player)
Population
200
Speed
Normal
Resources
Standard
Victory
Conquest
Starting age
Dark Age
Ending age
Imperial Age
RankedLock teamsTeams togetherTeam positionsShared explorationLock speedFull tech treeHidden civsTurbo modeCheats
Victory
Defeat
🇦🇹 Vietnamese · Austria
1843
+8
🇳🇱 Burmese · Netherlands
1776
+10
🇦🇹 Bulgarians · Austria
1735
+11
🇨🇳 Burgundians · China
1710
+12
🇭🇰 Slavs · Hong Kong SAR China
1679
-12
🇦🇺 Byzantines · Australia
1632
-10
🇦🇺 Berbers · Australia
1616
-10
🇧🇪 Goths · Belgium
1593
-9
buddybadi
1:37 Loom
兰博基尼
4:57 Double-Bit Axe
Rodney McKay
0:43 Loom
Fritz Fantom
5:51 Loom
色狼英雄传
1:29 Loom
RogerRamjet
0:51 Loom
Sp Bro
4:27 Loom
bullseyes
3:13 Loom
Connection lost

Rejoining the realm…

Still unreachable

The connection could not be restored.

Session expired

The server has moved on; the page needs a fresh start.